Workbook

Sheet JEs
A3: # | B3: Description | C3: Debit | D3: Credit
A4: 1 | B4: Cash | C4: 50000
B5: Capital (Equity) | D5: 50000
A8: 2 | B8: Expenses | C8: 10000
B9: VAT | C9: 2200
B10: Accounts Payables | D10: 12200
A13: 3 | B13: Account Payables | C13: 5488
B14: Cash | D14: 5000
B15: Discount | D15: 400
B16: VAT | D16: =400*0.22 -> 88
A18: 4 | B18: Cash | C18: 40000
B19: Loan (12m) | D19: 40000
A23: 5 | B23: Accounts Recievables | C23: 24400
B24: Revenue | D24: 20000
B25: VAT | D25: 4400
A28: 6 | B28: Wages | C28: 1200
B29: Social Charges | C29: 500
B30: Taxes charged on the Employee | D30: 200
B31: Accounts payable Employee (wages-taxes) | D31: 1000
B32: Accounts Payable (to the state) | D32: 500
A33: 6 | B33: Cash | D33: 1000
B34: Accounts payable Employee (wages-taxes) | C34: 1000
A38: 7 | B38: Cash | D38: 2288
B39: VAT (Payable) | C39: 2288
A42: 8 | B42: Interest Expense (2 months) | C42: 400
B43: Accrued Expenses | D43: 400
A45: 9 | B45: Expenses related to Energy | C45: 1600
B46: Invoice to be recieved | D46: 1600

Sheet Ledgers
B3: CASH | E3: CAPITAL (EQUITY) | H3: ACCOUNTS PAYABLES | K3: LOAN | N3: Payable to the Authority | Q3: Wages | T3: Social Charges | W3: Interest Expenses
B4: 50000 | F4: 50000 | I4: 12200 | L4: 40000 | O4: 200 | Q4: 1200 | T4: 500 | W4: 400
C5: 5000 | H5: 5488
B6: 40000 | I6: 1000
C7: 1000 | I7: 500
C8: 2288 | H8: 1000
B10: =+SUM(B4:B9) -> 90000 | C10: =+SUM(C4:C9) -> 8288 | E10: =+SUM(E4:E9) -> 0 | F10: =+SUM(F4:F9) -> 50000 | H10: =+SUM(H4:H9) -> 6488 | I10: =+SUM(I4:I9) -> 13700 | K10: =+SUM(K4:K9) -> 0 | L10: =+SUM(L4:L9) -> 40000 | N10: =+SUM(N4:N9) -> 0 | O10: =+SUM(O4:O9) -> 200 | Q10: =+SUM(Q4:Q9) -> 1200 | R10: =+SUM(R4:R9) -> 0 | T10: =+SUM(T4:T9) -> 500 | U10: =+SUM(U4:U9) -> 0 | W10: =+SUM(W4:W9) -> 400 | X10: =+SUM(X4:X9) -> 0
B11: =+IF(B10>C10,B10-C10,"") -> 81712 | C11: =+IF(C10>B10,B10-C10,"") | E11: =+IF(E10>F10,E10-F10,"") | F11: =+IF(F10>E10,E10-F10,"") -> -50000 | G11: =+IF(G10>H10,G10-H10,"") | I11: =+IF(I10>H10,H10-I10,"") -> -7212 | J11: =+IF(J10>I10,I10-J10,"") | K11: =+IF(K10>L10,K10-L10,"") | L11: =+IF(L10>K10,K10-L10,"") -> -40000 | M11: =+IF(M10>N10,M10-N10,"") | N11: =+IF(N10>M10,M10-N10,"") | O11: =+IF(O10>N10,N10-O10,"") -> -200 | P11: =+IF(P10>O10,O10-P10,"") | Q11: =+IF(Q10>R10,Q10-R10,"") -> 1200 | R11: =+IF(R10>Q10,Q10-R10,"") | T11: =+IF(T10>U10,T10-U10,"") -> 500 | U11: =+IF(U10>T10,T10-U10,"") | W11: =+IF(W10>X10,W10-X10,"") -> 400 | X11: =+IF(X10>W10,W10-X10,"")
B13: PURCHASE OF GOOD | E13: VAT | H13: SALE OF GOODS | K13: ACCOUNTS RECEIV. | N13: ENERGY EXPENSES | Q13: INVOICES TO BE RECEIVED | T13: Accrued Expenses
B14: 10000 | E14: 2200 | I14: 20000 | K14: 24400 | N14: 1600 | R14: 1600 | U14: 400
C15: 400 | F15: 88
F16: 4400
E17: 2288
B20: =+SUM(B14:B19) -> 10000 | C20: =+SUM(C14:C19) -> 400 | E20: =+SUM(E14:E19) -> 4488 | F20: =+SUM(F14:F19) -> 4488 | H20: =+SUM(H14:H19) -> 0 | I20: =+SUM(I14:I19) -> 20000 | K20: =+SUM(K14:K19) -> 24400 | L20: =+SUM(L14:L19) -> 0 | N20: =+SUM(N14:N19) -> 1600 | O20: =+SUM(O14:O19) -> 0 | Q20: =+SUM(Q14:Q19) -> 0 | R20: =+SUM(R14:R19) -> 1600 | T20: =+SUM(T14:T19) -> 0 | U20: =+SUM(U14:U19) -> 400
B21: =+IF(B20>C20,B20-C20,"") -> 9600 | C21: =+IF(C20>B20,B20-C20,"") | E21: 0 | F21: =+IF(F20>E20,E20-F20,"") | G21: =+IF(G20>H20,G20-H20,"") | H21: =+IF(H20>G20,G20-H20,"") | I21: =+IF(I20>J20,I20-J20,"") -> 20000 | J21: =+IF(J20>I20,I20-J20,"") | K21: =+IF(K20>L20,K20-L20,"") -> 24400 | L21: =+IF(L20>K20,K20-L20,"") | M21: =+IF(M20>N20,M20-N20,"") | N21: =+IF(N20>M20,M20-N20,"") -> -1600 | O21: =+IF(O20>P20,O20-P20,"") | P21: =+IF(P20>O20,O20-P20,"") | Q21: =+IF(Q20>R20,Q20-R20,"") | R21: =+IF(R20>Q20,Q20-R20,"") -> -1600 | T21: =+IF(T20>U20,T20-U20,"") | U21: =+IF(U20>T20,T20-U20,"") -> -400

Sheet BS
B3: Asset | C3: Amount | D3: Equity | E3: Amount
B4: Accounts Receivables | C4: =+Ledgers!K21 -> 24400 | D4: Capital | E4: =-Ledgers!F11 -> 50000
B5: Cash | C5: =+Ledgers!B11 -> 81712 | D5: =+PL!B20 -> Profit and loss for the period | E5: =PL!C20 -> 6700
D8: Total Equity | E8: =+SUM(E4:E7) -> 56700
D10: Liabilities
D12: ACCOUNTS PAYABLES | E12: =-Ledgers!I11-Ledgers!R21 -> 8812
D13: Loan | E13: =-Ledgers!L11 -> 40000
D14: =+Ledgers!N3 -> Payable to the Authority | E14: =-Ledgers!O11 -> 200
D16: Accrued Expenses | E16: =-Ledgers!U21 -> 400
B19: Total Assets | C19: =+SUM(C4:C18) -> 106112 | D19: Total Liabilities & Equity | E19: =+SUM(E8:E18) -> 106112

Sheet PL
B3: Revenue | C3: =+SUM(C4:C10) -> 20000
B4: Sales of goods | C4: =+Ledgers!I14 -> 20000
B11: Expenses | C11: =+SUM(C12:C19) -> 13300
B12: Purchase of goods | C12: =+Ledgers!B21 -> 9600
B13: Wages | C13: =+Ledgers!Q11 -> 1200
B14: Social Charges | C14: =+Ledgers!T11 -> 500
B15: Energy expenses | C15: =+Ledgers!N20 -> 1600
B17: Interests | C17: =+Ledgers!W4 -> 400
B20: Profit and loss for the period | C20: =+C3-C11 -> 6700
